[Event "ICC tourney 3217 (30 10)"]
[Site "Internet Chess Club"]
[Date "2023.06.17"]
[Round "4"]
[White "Li, Marissa:meichen"]
[Black "HOSUR, SANMITA:phosur"]
[Result "0-1"]
[ICCResult "White resigns"]
[WhiteElo "884"]
[BlackElo "1425"]
[Opening "Sicilian: closed, 2...Nc6"]
[ECO "B23"]
[NIC "SI.34"]
[Time "18:01:03"]
[PlyCount "62"]
[TimeControl "1800+10"]

1. e4 c5 2. Nc3 Nc6 3. Nf3 Nf6 4. d4 cxd4 5. Nxd4 g6 6. Bc4 d6 7. O-O Bg7 8.
Re1 O-O 9. h3 Qb6 10. Be3 Qxb2 11. Qd3 Ne5 12. Bxf7+ Rxf7 13. Qd2 Nc4 14.
Qd3 Nxe3 15. Qxe3 Qb6 16. Qd3 Bd7 17. Rab1 Qc7 18. Re3 a6 19. Rbe1 Rc8 20.
f3 Bh6 21. f4 Bxf4 22. Rf3 Be5 23. Ref1 Qc5 24. Rd1 Bxd4+ 25. Qxd4 Qxd4+ 26.
Rxd4 Bc6 27. Re3 Nd7 28. Rf3 Ne5 29. Rf1 Rxf1+ 30. Kxf1 Bb5+ 31. Kf2 Rxc3
{White resigns}
0-1

[Event "ICC tourney 3217 (30 10)"]
[Site "Internet Chess Club"]
[Date "2023.06.17"]
[Round "4"]
[White "Udeshi, Rishabh:rishabhchess"]
[Black "SULTAN, BASHIR Cisse:muzikmixer"]
[Result "1-0"]
[ICCResult "Black resigns"]
[WhiteElo "1550"]
[BlackElo "1618"]
[Opening "Réti: King's Indian attack (Barcza system)"]
[ECO "A07"]
[NIC "QP.09"]
[Time "18:01:01"]
[PlyCount "75"]
[TimeControl "1800+10"]

1. Nf3 d5 2. g3 c6 3. Bg2 Bg4 4. d3 Nf6 5. b3 Nbd7 6. Bb2 Bxf3 7. Bxf3 e5 8.
Nd2 Bd6 9. O-O Qe7 10. c4 e4 11. dxe4 dxe4 12. Nxe4 Nxe4 13. Bxe4 Nf6 14.
Bg2 O-O-O 15. Qc2 Kb8 16. a3 h5 17. h4 Rhe8 18. Rfe1 Be5 19. b4 Bxb2 20.
Qxb2 Qe5 21. Qxe5+ Rxe5 22. Bf3 Rd4 23. Rac1 a5 24. Red1 Rxd1+ 25. Rxd1 Kc7
26. Rd4 axb4 27. axb4 c5 28. bxc5 Rxc5 29. Kg2 Re5 30. e3 Re7 31. Kh3 Rd7
32. Rxd7+ Nxd7 33. Bxh5 Ne5 34. Be2 Kb6 35. f4 Nc6 36. h5 Kc5 37. g4 Na5 38.
g5 {Black resigns} 1-0

[Event "ICC tourney 3217 (30 10)"]
[Site "Internet Chess Club"]
[Date "2023.06.17"]
[Round "4"]
[White "STINSON, RUSSELL:rcstinson"]
[Black "WESLEY, GEORGE:Maglars"]
[Result "1-0"]
[ICCResult "Black resigns"]
[WhiteElo "1567"]
[BlackElo "1026"]
[Opening "Nimzovich-Larsen attack: modern variation"]
[ECO "A01"]
[NIC "VO.08"]
[Time "18:00:57"]
[PlyCount "73"]
[TimeControl "1800+10"]

1. b3 e5 2. Bb2 Nc6 3. e3 Nf6 4. Bb5 Bd6 5. Ne2 O-O 6. O-O Re8 7. f4 e4 8.
Nd4 Nxd4 9. Bxd4 a6 10. Be2 b5 11. g4 Nd5 12. c4 Ne7 13. c5 Nc6 14. cxd6
Nxd4 15. exd4 cxd6 16. Nc3 Bb7 17. d5 b4 18. Qc2 bxc3 19. dxc3 Bxd5 20. c4
Bb7 21. Rad1 Qc7 22. Qd2 Qb6+ 23. Qd4 Qxd4+ 24. Rxd4 Re6 25. f5 Re7 26. Rxd6
Rae8 27. g5 e3 28. f6 Re5 29. h4 gxf6 30. gxf6 Re4 31. Bf3 Rxh4 32. Bxb7 Re5
33. Rxd7 h6 34. Rf3 e2 35. Rg3+ Kh7 36. Rg7+ Kh8 37. Rd8+ {Black resigns}
1-0

[Event "ICC tourney 3217 (30 10)"]
[Site "Internet Chess Club"]
[Date "2023.06.17"]
[Round "4"]
[White "ZHANG, ARI:brass60Six"]
[Black "Hamlett, James Morrison:Hamlett144"]
[Result "1/2-1/2"]
[ICCResult "Game drawn by mutual agreement"]
[WhiteElo "1311"]
[BlackElo "1413"]
[Opening "Nimzo-Indian: 4.e3"]
[ECO "E40"]
[NIC "NI.17"]
[Time "18:00:58"]
[PlyCount "153"]
[TimeControl "1800+10"]

1. d4 Nf6 2. c4 e6 3. Nc3 Bb4 4. e3 Ne4 5. Qc2 Nxc3 6. bxc3 Be7 7. Nf3 b6 8.
Bd3 h6 9. Bb2 Bb7 10. Be4 c6 11. O-O f5 12. Bd3 d6 13. e4 g6 14. Rfe1 Nd7
15. exf5 exf5 16. Re6 Kf7 17. Re2 Nf6 18. Rae1 Bf8 19. Rd2 d5 20. cxd5 cxd5
21. Ne5+ Kg7 22. a3 Bd6 23. Rde2 Bxe5 24. Rxe5 Re8 25. Rxe8 Nxe8 26. Qe2 Nd6
27. c4 dxc4 28. Bxc4 Nxc4 29. Qxc4 Bd5 30. Qe2 h5 31. Qe5+ Kh7 32. Rc1 Bf7
33. h3 Qd5 34. Qe7 f4 35. Rc7 Kg8 36. Qe2 Re8 37. Re7 Rxe7 38. Qxe7 Qb3 39.
Qe2 Qd5 40. Qe5 Qxe5 41. dxe5 Be6 42. f3 Kf7 43. Kf2 Ke7 44. Ke2 Kd7 45. Kd3
g5 46. Bc3 Kc6 47. Bb4 a5 48. Bd6 b5 49. Be7 Kd5 50. Bxg5 Kxe5 51. Bd8 a4
52. Be7 Bc4+ 53. Kd2 Ke6 54. Bg5 Kf5 55. Be7 Bf1 56. Ke1 Bxg2 57. Kf2 Bxh3
58. Bd6 Kg5 59. Kg1 Bf5 60. Be7+ Kg6 61. Kf2 Bd3 62. Bd6 Kf5 63. Be7 Ke6 64.
Bb4 Kd5 65. Be7 Kc4 66. Kg2 Kc3 67. Bd6 Kb3 68. Kh3 Bg6 69. Kg2 h4 70. Kh3
Bh5 71. Kg2 h3+ 72. Kxh3 Bxf3 73. Kh2 Bd5 74. Kg1 f3 75. Kf2 Kc3 76. Bb4+
Kd3 77. Bc5 {Game drawn by mutual agreement} 1/2-1/2

[Event "ICC tourney 3217 (30 10)"]
[Site "Internet Chess Club"]
[Date "2023.06.17"]
[Round "4"]
[White "JAIN, ISHAAN:ishaanj"]
[Black "CHEN, LEON TINGQUAN:leonlunachen"]
[Result "0-1"]
[ICCResult "White forfeits on time"]
[WhiteElo "1223"]
[BlackElo "1635"]
[Opening "French: exchange variation"]
[ECO "C01"]
[NIC "FR.01"]
[Time "18:00:59"]
[PlyCount "58"]
[TimeControl "1800+10"]

1. e4 e6 2. d4 d5 3. exd5 exd5 4. c4 Nf6 5. Bg5 Be7 6. Nc3 Be6 7. cxd5 Nxd5
8. Bxe7 Qxe7 9. Be2 O-O 10. Nf3 Nd7 11. O-O N7f6 12. Re1 c6 13. Ng5 Qd7 14.
Nxe6 fxe6 15. Bg4 Rae8 16. Nxd5 Nxd5 17. Re5 Rf6 18. Qe2 Rg6 19. g3 Rf6 20.
Re1 Kf7 21. f4 g6 22. h4 Nc7 23. Qe4 Nb5 24. Rd1 h5 25. d5 cxd5 26. Rdxd5
Qc6 27. Bf3 exd5 28. Qxd5+ Qxd5 29. Bxd5+ Kf8 {White forfeits on time} 0-1

[Event "ICC tourney 3217 (30 10)"]
[Site "Internet Chess Club"]
[Date "2023.06.17"]
[Round "5"]
[White "SULTAN, BASHIR Cisse:muzikmixer"]
[Black "ZHANG, ARI:brass60Six"]
[Result "1-0"]
[ICCResult "Black resigns"]
[WhiteElo "1618"]
[BlackElo "1311"]
[Opening "English: symmetrical variation"]
[ECO "A30"]
[NIC "EO.64"]
[Time "20:00:30"]
[PlyCount "85"]
[TimeControl "1800+10"]

1. c4 c5 2. Nf3 Nc6 3. d4 cxd4 4. Nxd4 Nf6 5. Nc3 d6 6. e4 e5 7. Ndb5 a6 8.
Na3 Be7 9. Be2 h6 10. Be3 Be6 11. O-O O-O 12. f3 Nd7 13. Nc2 Nb6 14. Nd5
Bxd5 15. cxd5 Nb8 16. a4 N6d7 17. a5 b6 18. b4 b5 19. Rc1 Nf6 20. Ne1 Nh7
21. g4 Bg5 22. Ng2 Bxe3+ 23. Nxe3 Re8 24. Qc2 Nd7 25. Nf5 Ndf8 26. Qc7 Qxc7
27. Rxc7 Ng6 28. Rfc1 Nf4 29. Bf1 Ng5 30. Kf2 Red8 31. h4 Ngh3+ 32. Ke3 Kf8
33. R1c6 Kg8 34. Nxd6 Rf8 35. Nb7 Nxd5+ 36. exd5 Nf4 37. Ke4 f6 38. Nc5 Rfd8
39. d6 Kf8 40. d7 Kf7 41. Rc8 Ke7 42. Rxa8 Rxa8 43. Rc8 {Black resigns} 1-0

[Event "ICC tourney 3217 (30 10)"]
[Site "Internet Chess Club"]
[Date "2023.06.17"]
[Round "5"]
[White "WESLEY, GEORGE:Maglars"]
[Black "Li, Marissa:meichen"]
[Result "1-0"]
[ICCResult "Black resigns"]
[WhiteElo "1026"]
[BlackElo "884"]
[Opening "English: Carls' Bremen system"]
[ECO "A22"]
[NIC "EO.10"]
[Time "20:00:30"]
[PlyCount "95"]
[TimeControl "1800+10"]

1. c4 e5 2. Nc3 Nf6 3. g3 Bc5 4. Bg2 d6 5. e3 Nc6 6. Nge2 O-O 7. O-O Be6 8.
d4 exd4 9. exd4 Bxc4 10. dxc5 dxc5 11. Bxc6 bxc6 12. Qxd8 Raxd8 13. Re1 Rfe8
14. Be3 Ne4 15. Nxe4 Rxe4 16. Nc3 Re5 17. Rad1 Rxd1 18. Rxd1 h6 19. Rd7 Re6
20. Rxc7 Rd6 21. Rxa7 Rd3 22. h4 f6 23. Kh2 g5 24. hxg5 hxg5 25. Ne4 Bd5 26.
Nxf6+ Kf8 27. Nxd5 cxd5 28. Bxc5+ Kg8 29. b4 Rd2 30. Kg2 d4 31. Kf1 d3 32.
Ke1 Rc2 33. Be3 Rb2 34. Bd2 g4 35. Bc3 Rc2 36. Bd2 Kf8 37. b5 Rb2 38. Bc1
Rxb5 39. Kd2 Rb1 40. Rc7 Ra1 41. a3 Ra2+ 42. Kxd3 Rxf2 43. Bf4 Rf3+ 44. Ke4
Rxa3 45. Bd6+ Kg8 46. Bxa3 Kh8 47. Bc1 Kg8 48. Kf5 {Black resigns} 1-0

[Event "ICC tourney 3217 (30 10)"]
[Site "Internet Chess Club"]
[Date "2023.06.17"]
[Round "5"]
[White "BAI, JEFFREY:Jeffchess"]
[Black "JAIN, ISHAAN:ishaanj"]
[Result "1-0"]
[ICCResult "Black resigns"]
[WhiteElo "1306"]
[BlackElo "1223"]
[Opening "French: advance, Paulsen attack"]
[ECO "C02"]
[NIC "FR.03"]
[Time "20:00:17"]
[PlyCount "97"]
[TimeControl "1800+10"]

1. e4 e6 2. d4 d5 3. e5 c5 4. Nf3 Nc6 5. c3 Qb6 6. Be2 cxd4 7. Nxd4 Nxd4 8.
Qxd4 Qxd4 9. cxd4 Bb4+ 10. Bd2 Bxd2+ 11. Kxd2 Ne7 12. Nc3 Nf5 13. Kd3 b6 14.
g4 Ba6+ 15. Kd2 Bxe2 16. Nxe2 Nh6 17. h3 O-O 18. Ng3 f6 19. f4 fxe5 20. fxe5
Rf2+ 21. Ne2 Nf7 22. Raf1 Rxf1 23. Rxf1 Ng5 24. h4 Ne4+ 25. Kd3 Rf8 26. Rf4
Rxf4 27. Nxf4 Kf7 28. g5 Ng3 29. b4 g6 30. a4 a5 31. bxa5 bxa5 32. Kc3 Nf5
33. Ng2 Kg7 34. Kd3 h6 35. Nf4 Kf7 36. gxh6 Nxh6 37. h5 gxh5 38. Nxh5 Kg6
39. Nf6 Kg5 40. Nd7 Nf7 41. Nc5 Kf5 42. Nb7 Nd8 43. Nxd8 Kf4 44. Nc6 Kf3 45.
Nxa5 Kf4 46. Nb3 Kf3 47. Nd2+ Kf4 48. a5 Kg5 49. a6 {Black resigns} 1-0

[Event "ICC tourney 3217 (30 10)"]
[Site "Internet Chess Club"]
[Date "2023.06.17"]
[Round "5"]
[White "HAO, RYAN:Ryan334"]
[Black "STINSON, RUSSELL:rcstinson"]
[Result "1-0"]
[ICCResult "Black resigns"]
[WhiteElo "1613"]
[BlackElo "1567"]
[Opening "Sicilian: Alapin's variation (2.c3)"]
[ECO "B22"]
[NIC "SI.46"]
[Time "20:00:04"]
[PlyCount "73"]
[TimeControl "1800+10"]

1. e4 c5 2. c3 e6 3. d4 d5 4. exd5 exd5 5. Bb5+ Bd7 6. Bxd7+ Qxd7 7. Be3
cxd4 8. Bxd4 Nc6 9. Nf3 Nxd4 10. Nxd4 Nf6 11. Nd2 Bd6 12. O-O O-O 13. N2f3
Rfe8 14. Qc2 Rac8 15. Rfe1 Ne4 16. Rad1 Bb8 17. Re2 Qd6 18. Rde1 g5 19. g3
Qf6 20. Qc1 g4 21. Nh4 Re5 22. f3 Ng5 23. Rxe5 Nh3+ 24. Kg2 Bxe5 25. Ne2
gxf3+ 26. Nxf3 Rc6 27. Nxe5 Qf2+ 28. Kxh3 Rh6+ 29. Qxh6 Qxe1 30. Qg5+ Kf8
31. Nd7+ Ke8 32. Nf6+ Kf8 33. Nxh7+ Ke8 34. Qe3+ Kd7 35. Nf6+ Kc6 36. Nd4+
Kc5 37. Qxe1 {Black resigns} 1-0

[Event "ICC tourney 3217 (30 10)"]
[Site "Internet Chess Club"]
[Date "2023.06.17"]
[Round "5"]
[White "HOSUR, SANMITA:phosur"]
[Black "Bharathy Mohan, Aarav Sai:aaravbm"]
[Result "1/2-1/2"]
[ICCResult "Game drawn by mutual agreement"]
[WhiteElo "1425"]
[BlackElo "1278"]
[Opening "QGD semi-Slav: 7.Bc4"]
[ECO "D47"]
[NIC "SL.08"]
[Time "20:00:07"]
[PlyCount "95"]
[TimeControl "1800+10"]

1. d4 d5 2. c4 c6 3. e3 Nf6 4. Nc3 e6 5. Nf3 Nbd7 6. Bd3 dxc4 7. Bxc4 Nb6 8.
Bd3 Bd6 9. O-O Qc7 10. e4 e5 11. dxe5 Bxe5 12. Nxe5 Qxe5 13. h3 O-O 14. Be3
Rd8 15. Qc2 h6 16. a4 Qc7 17. a5 Nbd7 18. f4 Nf8 19. e5 Nd5 20. Nxd5 Rxd5
21. Bc4 Rd8 22. Bc5 Ne6 23. Bd6 Qd7 24. f5 Nd4 25. Qc3 Nxf5 26. Rad1 Qe8 27.
Qb3 Be6 28. Rf3 Bxc4 29. Qxc4 Nxd6 30. exd6 Rd7 31. a6 b6 32. Qxc6 Rc8 33.
Qa4 Qe6 34. Rfd3 Rc4 35. Qa3 Rc5 36. b4 Re5 37. Qc3 Qe8 38. Rd4 Re3 39. Qc4
Re1+ 40. Rxe1 Qxe1+ 41. Kh2 Qe5+ 42. Kg1 Rxd6 43. Rxd6 Qxd6 44. Qc8+ Kh7 45.
Qb7 Qxb4 46. Qxa7 Qe1+ 47. Kh2 Qe5+ 48. Kg1 {Game drawn by mutual agreement}
1/2-1/2

[Event "ICC tourney 3217 (30 10)"]
[Site "Internet Chess Club"]
[Date "2023.06.17"]
[Round "5"]
[White "CHEN, LEON TINGQUAN:leonlunachen"]
[Black "Udeshi, Rishabh:rishabhchess"]
[Result "0-1"]
[ICCResult "White resigns"]
[WhiteElo "1635"]
[BlackElo "1550"]
[Opening "Caro-Kann: Panov-Botvinnik attack"]
[ECO "B13"]
[NIC "CK.03"]
[Time "20:00:29"]
[PlyCount "90"]
[TimeControl "1800+10"]

1. e4 c6 2. d4 d5 3. exd5 cxd5 4. c4 Nf6 5. Nc3 Bf5 6. c5 e6 7. Nf3 Be7 8.
Bd3 Ne4 9. Qc2 Nxc3 10. Qxc3 Bxd3 11. Qxd3 O-O 12. b4 b6 13. O-O a5 14. Qb5
axb4 15. cxb6 Qd7 16. Qd3 Qc6 17. Ng5 Bxg5 18. Bxg5 f6 19. Bd2 Qxb6 20. Rfb1
Nc6 21. h3 Qxd4 22. Qxd4 Nxd4 23. Bxb4 Nc2 24. Bxf8 Kxf8 25. a4 Nxa1 26.
Rxa1 Ke7 27. a5 Kd7 28. a6 Ra7 29. Kf1 Kc7 30. f4 Kb6 31. Re1 Re7 32. Ra1 e5
33. fxe5 fxe5 34. g4 d4 35. Kf2 Ra7 36. Re1 Re7 37. Ra1 e4 38. Ra4 e3+ 39.
Ke1 d3 40. Ra3 Rd7 41. Kd1 Ka7 42. Ra4 Rf7 43. Kc1 d2+ 44. Kc2 Rc7+ 45. Kd1
Rc1+ {White resigns} 0-1